[Event "Live Chess"]
[Site "Chess.com"]
[Date "2023.05.21"]
[Round "-"]
[White "LanceMaster23"]
[Black "OleksiyJr1"]
[Result "1-0"]
[WhiteElo "1946"]
[BlackElo "965"]
[TimeControl "300"]
[EndTime "2:07:50 PDT"]
[Termination "LanceMaster23 won by resignation"]

1. Nf3 d5 2. d4 Nf6 3. Bf4 e6 4. e3 Nc6 5. Be2 Bd7 6. c3 b5 7. Bxb5 a6 8. Bd3 Bc8 9. Nbd2 a5 10. Qa4 Bd7 11. Bb5 Nxd4 12. exd4 1-0

[Event "Live Chess"]
[Site "Chess.com"]
[Date "2023.05.21"]
[Round "-"]
[White "FailsGambits"]
[Black "HadesLearmonth"]
[Result "1-0"]
[WhiteElo "1340"]
[BlackElo "1203"]
[TimeControl "300"]
[EndTime "2:07:51 PDT"]
[Termination "FailsGambits won by resignation"]

1. e4 e5 2. Nf3 Nc6 3. d4 exd4 4. Nxd4 Bc5 5. Be3 Qf6 6. c3 Nge7 7. Bb5 Nxd4 8. Bxd4 Bxd4 9. cxd4 O-O 10. O-O d5 11. Re1 c6 12. Bd3 b5 13. exd5 Nxd5 14.
Nc3 Nf4 15. Bf1 Qg6 16. g3 Ne6 17. d5 cxd5 18. Qxd5 Ng5 19. Qxa8 Bh3 20. Re8 Ne6 21. Rxf8+ Nxf8 22. Bxh3 Qc2 23. Nd5 Qxb2 24. Ne7+ 1-0

[Event "Live Chess"]
[Site "Chess.com"]
[Date "2023.05.21"]
[Round "-"]
[White "ChessTWSS"]
[Black "wadsy27"]
[Result "0-1"]
[WhiteElo "1560"]
[BlackElo "2569"]
[TimeControl "300"]
[EndTime "2:07:52 PDT"]
[Termination "wadsy27 won by checkmate"]

1. d4 d5 2. Bf4 Nf6 3. e3 c5 4. c3 Nc6 5. Nd2 Qb6 6. Qb3 c4 7. Qxb6 axb6 8. Ngf3 b5 9. Ne5 h6 10. Be2 g5 11. Nxc6 bxc6 12. Bg3 Bf5 13. O-O e6 14. Be5 Be7 15. Bxf6 Bxf6 16. h3 Kd7 17. g4 Bg6 18.
f4 Be7 19. Rf2 f6 20. a3 h5 21. Raf1 hxg4 22. Bxg4 f5 23. Be2 gxf4 24. Rxf4 Rxh3 25. R1f3 Rxf3 26. Bxf3 Bg5 27. Kg2 Rh8 28. Kg3 Bh5 29.
Bxh5 Bxf4+ 30. exf4 Rxh5 31. Kf2 Rh2+ 32. Ke3 Ke7 33.
b4 Kf6 34. Kf3 Rxd2 35. Kg3 Rd3+ 36. Kh4 Rxc3 37. Kh5 Rh3# 0-1

[Event "Live Chess"]
[Site "Chess.com"]
[Date "2023.05.21"]
[Round "-"]
[White "Delacorta"]
[Black "Cimon"]
[Result "0-1"]
[WhiteElo "1413"]
[BlackElo "1841"]
[TimeControl "300"]
[EndTime "2:07:57 PDT"]
[Termination "Cimon won on time"]

1. d4 Nf6 2. Nf3 g6 3. e3 Bg7 4.
Be2 d6 5. Nfd2 O-O 6. g4 c5 7. c3 Nc6 8. h4 e5 9. d5 Ne7 10. h5 Nfxd5 11. hxg6 hxg6 12. Bc4 Nb6 13. Qf3 d5 14. Qh3 f6 15. Bb3 Be6 16. e4 Qd7 17. exd5 Bxd5 18. Bxd5+ Nbxd5 19. Nb3 b6 20. Bh6 Nc6 21.
Bxg7 Qxg7 22. Qf3 e4 23. Qg3 Rad8 24. N1d2 e3 25. fxe3 Nxe3 26. Qxe3 Rfe8 27. Ne4 f5 28. gxf5 Qe7 29. Qh3 Qxe4+ 30. Kf1 Qxf5+ 31. Qxf5 gxf5 32. Rg1+ Kf7 33. Kf2 c4 34. Nd4 Nxd4 35. cxd4 Rxd4 0-1

[Event "Live Chess"]
[Site "Chess.com"]
[Date "2023.05.21"]
[Round "-"]
[White "PrinceCharming_1"]
[Black "WelshTiger"]
[Result "0-1"]
[WhiteElo "1622"]
[BlackElo "2350"]
[TimeControl "300"]
[EndTime "2:08:36 PDT"]
[Termination "WelshTiger won by resignation"]

1. e4 c5 2. Nf3 d6 3. d4 cxd4 4.
Nxd4 Nf6 5. Nc3 Nc6 6. Bg5 Bd7 7.
Qd2 Rc8 8. Bb5 a6 9. Nxc6 bxc6 10. Bxa6 Rb8 11. b3 Qa5 12. Bd3 Be6 13. O-O Nd7 14.
Ne2 Qc7 15. Nf4 Nc5 16. Nxe6 Nxe6 17. Be3 g6 18. Rab1 Bg7 19. a4 O-O 20. Bc4 Nc5 21.
f3 Rfd8 22. Bd4 Bf8 23. h4 e5 24. Be3 d5 25. exd5 cxd5 26. Bb5 d4 27. Bh6 Ne6 28. Bxf8 Kxf8 29. Bc4 Nf4 30. g3 Nh5 31. Kg2 e4 32. f4 e3 33. Qe2 Ng7 34. Rbd1 Nf5 35. Qf3 h5 36. Bd3 Ne7 37. Qe4 Rd5 38. f5 Re5 39.
Qf4 e2 40. Bxe2 Rxe2+ 41. Rf2 Qxf4 42. gxf4 Rxf2+ 43. Kxf2 Nxf5 44. Rh1 Rc8 0-1

[Event "Live Chess"]
[Site "Chess.com"]
[Date "2023.05.21"]
[Round "-"]
[White "ACx04"]
[Black "Crowded_House"]
[Result "0-1"]
[WhiteElo "414"]
[BlackElo "1662"]
[TimeControl "300"]
[EndTime "2:08:51 PDT"]
[Termination "Crowded_House won by checkmate"]

1. e4 e6 2. Bc4 d5 3. exd5 exd5 4.
Bb3 c6 5. Nf3 Bd6 6. O-O Ne7 7.
h3 O-O 8. d3 Nd7 9. g3 Nf6 10.
Be3 Bxh3 11. Re1 Re8 12. a3 Bg4 13. Nbd2 Nf5 14. c4 dxc4 15. Bxc4 Nxe3 16. fxe3 Bxg3 17.
Re2 b5 18. Bb3 Bxf3 19. Nxf3 Nd5 20. e4 Nf4 21. Rc2 Qxd3 22. Qxd3 Nxd3 23. Rxc6 Rxe4 24. Rc3 Nxb2 25. Bd5 Rg4 26. Bxa8 Be5+ 27. Kf2 Bxc3 28. Rc1 Na4 29. Bc6 a6 30. Rd1 g6 31.
Rd8+ Kg7 32. Ra8 Nc5 33. Ne5 Bxe5 34. Kf3 Ra4 35. Re8 Bf6 36. Kg3 Rxa3+ 37. Kg4 b4 38. Kf4 b3 39. Rb8 b2 40. Be4 Nxe4 41. Kxe4 Ra1 42.
Rxb2 Bxb2 43. Kd5 Bf6 44. Kc6 Rb1 45. Kd7 a5 46. Kc8 a4 47. Kc7 a3 48. Kc6 a2 49. Kc5 a1=Q 50. Kd5 Rd1+ 51. Kc4 Qc1+ 52. Kb3 Rd3+ 53. Kb4 Qf4+ 54. Kc5 Qd6+ 55. Kc4 Rd4+ 56. Kb5 Qe5+ 57. Kc6 Rd6+ 58. Kb7 Qe7+ 59. Kc8 Rd8# 0-1

[Event "Live Chess"]
[Site "Chess.com"]
[Date "2023.05.21"]
[Round "-"]
[White "whitedjohn"]
[Black "elizaveta_frundina"]
[Result "1-0"]
[WhiteElo "1648"]
[BlackElo "1564"]
[TimeControl "300"]
[EndTime "2:08:57 PDT"]
[Termination "whitedjohn won by resignation"]

1. e4 c5 2. Nf3 d6 3. d4 cxd4 4. Nxd4 Nf6 5. Nc3 a6 6. Bc4 e6 7. Bb3 Be7 8. O-O O-O 9. f4 e5 10. Nf5 Bxf5 11. exf5 e4 12. Nd5 Nbd7 13. Nxe7+ Qxe7 14. g4 d5 15. g5 Qc5+ 16. Kh1 Ne8 17. Qxd5 Qxd5 18. Bxd5 Nc5 19. Be3 b6 20. Bxc5 bxc5 21. Bxa8 1-0

[Event "Live Chess"]
[Site "Chess.com"]
[Date "2023.05.21"]
[Round "-"]
[White "mliszewski"]
[Black "yeetpizza74"]
[Result "1-0"]
[WhiteElo "1840"]
[BlackElo "465"]
[TimeControl "300"]
[EndTime "2:09:01 PDT"]
[Termination "mliszewski won by checkmate"]

1. d4 e5 2. dxe5 Nc6 3. Nf3 Qe7 4. Bf4 Qb4+ 5. Bd2 Qxb2 6. Nc3 Bb4 7. Rb1 Qa3 8. Nd5 Bxd2+ 9. Qxd2 Qxa2 10. Rb3 Qa1+ 11. Qd1 Qa5+ 12. c3 Qa4 13. Nxc7+ Kf8 14. Nxa8 f6 15. e4 Qa5 16. Bc4 Nge7 17. exf6 gxf6 18.
O-O f5 19. Qd6 fxe4 20. Qf6+ Ke8 21. Qxh8+ Ng8 22. Qxg8+ Ke7 23. Qf7+ Kd6 24. Qf8+ Ne7 25. Qf6+ Kc5 26. Rb5+ Kxc4 27. Rxa5 Kb3 28. Rb1+ Kc2 29. Nd2 Kxd2 30. Qd4+ Ke2 31. Ra2# 1-0

[Event "Live Chess"]
[Site "Chess.com"]
[Date "2023.05.21"]
[Round "-"]
[White "smoggyrabbit"]
[Black "Biranidun"]
[Result "0-1"]
[WhiteElo "1708"]
[BlackElo "2551"]
[TimeControl "300"]
[EndTime "2:09:08 PDT"]
[Termination "Biranidun won by resignation"]

1. d4 Nf6 2. Nf3 g6 3. e3 Bg7 4. Be2 O-O 5. O-O c5 6. b3 cxd4 7. exd4 d5 8. Bb2 Nc6 9. c4 Bf5 10. Nc3 Rc8 11. c5 Ne4 12. Nxe4 dxe4 13. Ne5 Nxe5 14.
dxe5 Rxc5 15. f4 exf3 16. Bxf3 Bxe5 17. Bxe5 Rxe5 18. Bxb7 Qb6+ 19. Kh1 Qxb7 20. Qd4 Re2 21. Rf2 e5 22. Qc5 Rxf2 23. Qxf2 Rc8 24. Qf3 Qxf3 25. gxf3 Rc2 26. Re1 Rxa2 27. Rxe5 Be6 28. Rb5 Rb2 29. Rb7 Rxb3 30. Rxa7 Rxf3 0-1

[Event "Live Chess"]
[Site "Chess.com"]
[Date "2023.05.21"]
[Round "-"]
[White "profpirate4"]
[Black "jimwad"]
[Result "1-0"]
[WhiteElo "1284"]
[BlackElo "1220"]
[TimeControl "300"]
[EndTime "2:09:22 PDT"]
[Termination "profpirate4 won by resignation"]

1. d4 d5 2. c4 c6 3. Nc3 Nf6 4. cxd5 cxd5 5. e3 e6 6. Bd3 Bb4 7. Qc2 h6 8. Bd2 Nc6 9. Nge2 O-O 10. O-O Bd6 11. f3 Qc7 12. Ng3 Bxg3 13. hxg3 Qxg3 14. Be1 Qg5 15. Bf2 e5 16. dxe5 Nxe5 17. f4 Qg4 18.
fxe5 Nh5 19. Be2 Qg5 20. Nxd5 Qxe5 21. Bf3 Ng3 22. Rfd1 Qg5 23. Rd4 Be6 24. Rad1 Rac8 25. Qa4 Nf5 26. Rg4 Qd8 27. e4 Nd6 28. Bh4 Qe8 29. Nf6+ 1-0

[Event "Live Chess"]
[Site "Chess.com"]
[Date "2023.05.21"]
[Round "-"]
[White "MJMykh"]
[Black "Woodpusher500"]
[Result "1-0"]
[WhiteElo "1166"]
[BlackElo "1014"]
[TimeControl "300"]
[EndTime "2:09:35 PDT"]
[Termination "MJMykh won on time"]

1. e4 e5 2. Nf3 Nc6 3. Nc3 Nf6 4. Bc4 d6 5. h3 Nxe4 6. Nxe4 d5 7. Bd3 dxe4 8. Bxe4 Bc5 9. Bxc6+ bxc6 10. O-O O-O 11. Nxe5 Qd5 12. Nd3 Bd6 13. b3 Bb7 14. c4 Qg5 15. f4 Qg6 16. f5 Qg5 17. c5 Be7 18.
b4 Rad8 19. Nb2 a5 20. bxa5 Rd5 21. d4 Bxc5 22. Bxg5 Rxd4 23. Qh5 Rh4+ 24. Kh2 Rxh5 25. g4 Bd6+ 26. Kg2 Rxg5 27. Nc4 c5+ 28. Kf2 Be7 29. Ne5 h5 30. h4 Rxg4 31. Nxg4 Bxh4+ 32. Ke3 Re8+ 33. Kf4 Re4+ 34. Kf3 Rxg4+ 35. Ke3 Bg3 36. Rab1 Bc6 37. Rb8+ Kh7 38. a6 h4 39. a7 h3 40.
a8=Q Bxa8 41. Rxa8 h2 42. Rh1 Bd6 43. Kf3 Rg1 44.
Rxh2+ 1-0

[Event "Live Chess"]
[Site "Chess.com"]
[Date "2023.05.21"]
[Round "-"]
[White "domrobson"]
[Black "EdenHazard8"]
[Result "1/2-1/2"]
[WhiteElo "1739"]
[BlackElo "1973"]
[TimeControl "300"]
[EndTime "2:09:40 PDT"]
[Termination "Game drawn by repetition"]

1. d4 d5 2. c4 e6 3. Nf3 Nf6 4.
Nc3 c6 5. Bg5 dxc4 6. a4 Be7 7.
e3 Nbd7 8. Bxc4 Qa5 9. O-O O-O 10. Bd3 h6 11. Bxf6 Nxf6 12. Ne5 Qd5 13. f4 c5 14. Bc4 Qd8 15. d5 exd5 16. Nxd5 Nxd5 17. Bxd5 Qb6 18. Qb3 Qxb3 19. Bxb3 Be6 20. Bxe6 fxe6 21. Rac1 Rfd8 22. Rfd1 Rd5 23. e4 Rd6 24. Ng6 Rxd1+ 25. Rxd1 Bd8 26. f5 exf5 27. exf5 Bf6 28. b3 Re8 29.
Kf2 Bd4+ 30. Kf3 Re3+ 31. Kf4 Rxb3 32. Re1 Kf7 33. Re7+ Kf6 34. Re6+ Kf7 35. Re7+ Kf6 36. Re6+ Kf7 37. Re7+ 1/2-1/2

[Event "Live Chess"]
[Site "Chess.com"]
[Date "2023.05.21"]
[Round "-"]
[White "Singapourfeuj"]
[Black "ranvir123"]
[Result "1-0"]
[WhiteElo "2188"]
[BlackElo "920"]
[TimeControl "300"]
[EndTime "2:09:51 PDT"]
[Termination "Singapourfeuj won by resignation"]

1. d4 Nf6 2. Nf3 g6 3. g3 Bg7 4. Bg2 d5 5. O-O Nc6 6. Re1 e5 7. dxe5 Ng4 8. Nc3 Ngxe5 9. Nxe5 Bxe5 10. Qxd5 Qxd5 11. Nxd5 Be6 12. f4 Bd6 13. e4 O-O-O 14. c3 Bxd5 15. exd5 Na5 16. b3 Rde8 17. Bd2 Re7 18.
c4 Bc5+ 19. Kf1 b6 20. Rxe7 Bxe7 21. Re1 Re8 22. f5 c5 23. d6 1-0

[Event "Live Chess"]
[Site "Chess.com"]
[Date "2023.05.21"]
[Round "-"]
[White "SupremeTactician"]
[Black "TheSmoulderingMaster"]
[Result "1-0"]
[WhiteElo "2270"]
[BlackElo "1698"]
[TimeControl "300"]
[EndTime "2:10:00 PDT"]
[Termination "SupremeTactician won by resignation"]

1. e4 c5 2. Nf3 d6 3. d4 cxd4 4. Nxd4 Nf6 5. f3 g6 6. c4 Bg7 7.
Nc3 O-O 8. Be3 Nc6 9. Qd2 Bd7 10. Rc1 a6 11. Be2 Ne5 12. O-O Rc8 13. b3 Qa5 14. Rfd1 b5 15. Nd5 Qd8 16. f4 Neg4 17. Nxf6+ Nxf6 18. cxb5 Rxc1 19. Rxc1 Nxe4 20. Qd3 d5 21.
Nc6 Bxc6 22. bxc6 Qc7 23. Qxd5 Nc3 24. Qd3 Nxe2+ 25. Qxe2 Rc8 26. Qxa6 Rd8 27. Bb6 Bd4+ 28. Bxd4 Rxd4 29. Qa8+ Kg7 30. Qb7 Qxf4 31. Rf1 Qe3+ 32. Kh1 Qe2 33. Rg1 Rd1 34. Qb6 Rxg1+ 35. Qxg1 Qa6 36.
Qd4+ Kg8 37. Qc4 Qa5 38. Qc1 Qxa2 39. c7 1-0

[Event "Live Chess"]
[Site "Chess.com"]
[Date "2023.05.21"]
[Round "-"]
[White "Pablo_dmp"]
[Black "KeithArkell"]
[Result "0-1"]
[WhiteElo "1854"]
[BlackElo "2508"]
[TimeControl "300"]
[EndTime "2:10:57 PDT"]
[Termination "KeithArkell won on time"]

1. e4 e6 2. d4 d5 3. exd5 Qxd5 4. Bd3 Nc6 5. Nf3 Nf6 6. Bg5 Be7 7. O-O O-O 8. Nc3 Qa5 9. Qe2 Nb4 10. a3 Nxd3 11.
Qxd3 h6 12. Bh4 Qf5 13. Qxf5 exf5 14. Bg3 Bd6 15. Bxd6 cxd6 16. Nb5 Ne4 17. Nc7 Rb8 18.
d5 Bd7 19. Nd4 Rfc8 20. Ncb5 Bxb5 21. Nxb5 Rxc2 22. f3 Rxb2 23. fxe4 Rxb5 24. Rxf5 Rc8 25. Raf1 f6 26. R5f3 Rc4 27. Re3 Rb2 28. Rg3 Kf7 29.
h3 Rxe4 30. Rc1 Rd2 31. Rc7+ Re7 32. Rxe7+ Kxe7 33. Rxg7+ Ke8 34. Rxb7 a5 35. Rh7 Rxd5 36. Rxh6 Kf7 37. Rh7+ Kg6 38. Ra7 Rc5 39. Kf2 Rc2+ 40.
Kf3 Rc3+ 41. Ke4 Rxa3 42. Kd5 a4 43. Kxd6 Rd3+ 44. Kc5 a3 45. Kc4 Rg3 46. Kb4 Rxg2 47. Rxa3 f5 48. Kc4 Kg5 49. Kd5 Re2 50. Ra4 f4 51.
h4+ Kg4 52. Kd6 Rh2 53. Kd5 Rxh4 54. Ra1 Rh3 55. Ke4 Re3+ 56. Kd4 Re8 57. Rf1 f3 58. Rg1+ Kf4 0-1

[Event "Live Chess"]
[Site "Chess.com"]
[Date "2023.05.21"]
[Round "-"]
[White "HoarseyHorsey"]
[Black "hunany_3"]
[Result "0-1"]
[WhiteElo "1443"]
[BlackElo "1726"]
[TimeControl "300"]
[EndTime "2:10:58 PDT"]
[Termination "hunany_3 won by resignation"]

1. d4 Nf6 2. c4 g6 3. f3 d6 4.
e4 Bg7 5. Nc3 Nbd7 6. Nge2 O-O 7.
Be3 e5 8. d5 h6 9. Qd2 Kh7 10.
g4 Nc5 11. h4 Ne8 12. h5 g5 13. f4 exf4 14. Bxc5 dxc5 15. Bh3 Nd6 16. O-O-O Re8 17.
Qc2 Qe7 18. e5+ Kh8 19. exd6 Qxd6 20. Bg2 Bxg4 21. Be4 Qe7 22. Rde1 Qd6 23. Bf5 Bxe2 24. Rxe2 f3 25. Rxe8+ Rxe8 26. Rf1 Qg3 27. Ne4 Qf4+ 28.
Kb1 Qxf5 29. Re1 f2 30. Rf1 Rxe4 31. Qxf2 Rf4+ 0-1

[Event "Live Chess"]
[Site "Chess.com"]
[Date "2023.05.21"]
[Round "-"]
[White "OceanFloater"]
[Black "NatashaRegan"]
[Result "0-1"]
[WhiteElo "1026"]
[BlackElo "1741"]
[TimeControl "300"]
[EndTime "2:11:01 PDT"]
[Termination "NatashaRegan won by resignation"]

1. e4 e5 2. Nf3 Nf6 3. Nxe5 Nxe4 4. Nc3 Nxc3 5. dxc3 Qe7 6. Qe2 d6 7. Nc4 Nc6 8. b3 Be6 9. Qf3 O-O-O 10. Be3 Kb8 11.
O-O-O g6 12. b4 Bg7 13. Na5 Nxa5 14. bxa5 Bxa2 15. a6 c6 16. axb7 Qxb7 17. Bf4 Bd5 18. Bxd6+ Rxd6 19. Qf4 Qc7 20. Qb4+ Ka8 21. Ba6 Rb8 22.
Qf4 g5 23. Qxg5 Bh6 24. Qxh6 Rxh6 0-1

[Event "Live Chess"]
[Site "Chess.com"]
[Date "2023.05.21"]
[Round "-"]
[White "TheSmoulderingMaster"]
[Black "ranvir123"]
[Result "1-0"]
[WhiteElo "1698"]
[BlackElo "920"]
[TimeControl "300"]
[EndTime "2:11:40 PDT"]
[Termination "TheSmoulderingMaster won by resignation"]

1. e4 e5 2. Nf3 Nc6 3. Bb5 d6 4. O-O Bd7 5. d4 a6 6. Bxc6 Bxc6 7.
dxe5 dxe5 8. Qe2 Nf6 9. Bg5 h6 10. Bh4 g5 11. Bg3 Qd7 12. Nxe5 Qe7 13. Nxc6 bxc6 14. Qc4 Nxe4 15. Qxc6+ Qd7 16. Qxa8+ Ke7 17. Qxe4+ 1-0

[Event "Live Chess"]
[Site "Chess.com"]
[Date "2023.05.21"]
[Round "-"]
[White "chekagain"]
[Black "raminguy"]
[Result "0-1"]
[WhiteElo "841"]
[BlackElo "1976"]
[TimeControl "300"]
[EndTime "2:11:52 PDT"]
[Termination "raminguy won by checkmate"]

1. e4 e5 2. Nf3 Nc6 3. d4 exd4 4. Nxd4 Qf6 5. Nxc6 Bc5 6. f3 dxc6 7. Nc3 Be6 8. a3 Rd8 9. Bd2 Qd4 10. Qe2 Bc4 11.
Qe3 Qxe3+ 12. Bxe3 Bxe3 13. Bxc4 Ne7 14. Nd1 Bd2+ 15. Ke2 Ba5 16. Bd3 Ng6 17. c4 Nf4+ 18. Kf2 Nxd3+ 19. Ke2 Bb6 20. b4 c5 21. bxc5 Nxc5 22.
Nc3 c6 23. Rhd1 O-O 24. Rxd8 Rxd8 25. f4 Ba5 26. Rd1 Rxd1 27. Nxd1 Nxe4 28. Ke3 f5 29. g4 g6 30. gxf5 gxf5 31. h4 Kf7 32. Nb2 Bc3 33. Nd3 b6 34. Ne5+ Bxe5 35. fxe5 Ke6 36.
Kf4 Nd2 37. h5 Nxc4 38. Kg5 Nxe5 39. Kh6 Ng4+ 40. Kxh7 c5 41. h6 Nxh6 42. Kxh6 c4 43. Kg5 c3 44. Kf4 c2 45. a4 c1=Q+ 46. Kf3 Qc4 47. a5 Qa4 48. Ke3 Qxa5 49. Kd3 Qc5 50. Ke2 b5 51. Kf3 b4 52. Kf4 b3 53. Kg5 b2 54. Kh4 b1=R 55. Kg5 Rg1+ 56. Kf4 Qd4+ 57.
Kf3 Qe4+ 58. Kf2 Rg2+ 59. Kf1 Qe2# 0-1

[Event "Live Chess"]
[Site "Chess.com"]
[Date "2023.05.21"]
[Round "-"]
[White "yeetpizza74"]
[Black "Biranidun"]
[Result "0-1"]
[WhiteElo "465"]
[BlackElo "2551"]
[TimeControl "300"]
[EndTime "2:12:04 PDT"]
[Termination "Biranidun won by checkmate"]

1. e4 c5 2. d4 cxd4 3. Qxd4 Nc6 4. Qd1 Nf6 5. Nc3 g6 6. Nf3 Bg7 7. Bd3 d6 8. Bf4 O-O 9. e5 dxe5 10. Bxe5 Nxe5 11. Nxe5 Qc7 12. Qe2 Be6 13. O-O Rfd8 14. Be4 Qxe5 15. Rad1 Nxe4 16. Rxd8+ Rxd8 17. Rd1 Rxd1+ 18. Qxd1 Nxc3 19. Qd8+ Bf8 20. bxc3 Qe1# 0-1

[Event "Live Chess"]
[Site "Chess.com"]
[Date "2023.05.21"]
[Round "-"]
[White "YrrriKharkiv"]
[Black "Denz14"]
[Result "1-0"]
[WhiteElo "2063"]
[BlackElo "1048"]
[TimeControl "300"]
[EndTime "2:12:10 PDT"]
[Termination "YrrriKharkiv won by resignation"]

1. d4 e6 2. Nf3 d5 3. c4 c6 4. Nc3 Bb4 5. e3 Nf6 6. Bd3 O-O 7. O-O Ne4 8. Nxe4 dxe4 9. Bxe4 f5 10. Bd3 Nd7 11.
Qb3 Bd6 12. c5 Bb8 13. Qxe6+ Kh8 14. Qb3 Qc7 15. g3 Nf6 16. Qc2 Ne4 17. Ne5 Qe7 18. Bxe4 Bxe5 19. Bg2 Bc7 20. Bd2 Be6 21. b4 Rad8 22. Bc3 Bd5 23. Qd3 Be4 24. Qd2 Rd5 25.
f3 1-0

[Event "Live Chess"]
[Site "Chess.com"]
[Date "2023.05.21"]
[Round "-"]
[White "RamsayFlayer"]
[Black "Mugzwang"]
[Result "1-0"]
[WhiteElo "1971"]
[BlackElo "1557"]
[TimeControl "300"]
[EndTime "2:12:12 PDT"]
[Termination "RamsayFlayer won on time"]

1. e4 c5 2. c3 Nf6 3. e5 Nd5 4. d4 cxd4 5. cxd4 Nc6 6. Nf3 d6 7. exd6 Qxd6 8. Nc3 Nxc3 9. bxc3 Bg4 10. Be2 e5 11.
dxe5 Qxd1+ 12. Bxd1 Bxf3 13. Bxf3 Nxe5 14. Bxb7 Rb8 15. Bf4 Nd3+ 16. Kd2 Nxf4 17. Bc6+ Kd8 18. Rhe1 Bc5 19. g3 Ne6 20. f4 Rb6 21. Ba4 Kc7 22.
Kc2 Rhb8 23. Bb3 a5 24. Re5 Bd6 25. Re3 a4 26. Bxe6 fxe6 27. Rxe6 Rb2+ 28. Kd3 R2b6 29. Re2 Rd8 30. Kc2 Rdb8 31. Rae1 Rb2+ 32. Kd3 Rxe2 33. Rxe2 a3 34. Kc4 Rb2 35. Re8 Rxa2 36.
Rg8 Rxh2 37. Rxg7+ Kc6 38. Ra7 a2 39. Kb3 Rg2 40.
Rxa2 Rxa2 41. Kxa2 Kd5 42. Kb3 Ke4 43. Kc4 Kf3 44.
Kd5 Bb8 45. Ke6 Kxg3 46. f5 Bf4 47. f6 h5 48. c4 h4 49. c5 h3 50. c6 h2 51. f7 Bh6 52. c7 h1=Q 53. Kd7 Qd5+ 54.
Ke8 Qc6+ 55. Kd8 Bg5+ 56. Kc8 Qa6+ 57. Kd7 Qd3+ 58. Ke8 Qe4+ 59. Kf8 Qe7+ 60. Kg8 Qxc7 61. f8=Q Qc4+ 62. Kh7 Qc7+ 63. Kg6 1-0

[Event "Live Chess"]
[Site "Chess.com"]
[Date "2023.05.21"]
[Round "-"]
[White "Goblinbasher"]
[Black "ProfPoisson"]
[Result "0-1"]
[WhiteElo "1228"]
[BlackElo "1224"]
[TimeControl "300"]
[EndTime "2:12:13 PDT"]
[Termination "ProfPoisson won - game abandoned"]

1. e4 e5 2. Nc3 Nf6 3. f4 d5 4. fxe5 Nxe4 5. Nf3 Nxc3 6. bxc3 Bg4 7. d4 c5 8. Bb5+ Nc6 9. Kf1 a6 10. Bxc6+ bxc6 11. e6 Bxe6 12. Ne5 Bd6 13. Nxc6 Qf6+ 14. Kg1 O-O 15. Qe2 Rfe8 16. Bd2 Bd7 0-1

[Event "Live Chess"]
[Site "Chess.com"]
[Date "2023.05.21"]
[Round "-"]
[White "Shepherds_Pie"]
[Black "DRS44"]
[Result "1-0"]
[WhiteElo "1940"]
[BlackElo "1322"]
[TimeControl "300"]
[EndTime "2:12:18 PDT"]
[Termination "Shepherds_Pie won on time"]

1. c4 c5 2. Nc3 Nf6 3. g3 Nc6 4.
Bg2 e6 5. Nf3 d5 6. cxd5 exd5 7.
d4 cxd4 8. Nxd4 Nxd4 9. Qxd4 Be6 10. O-O Bd6 11. Rd1 Rc8 12. Nxd5 Bxd5 13. Bxd5 O-O 14.
Bg5 h6 15. Bxf6 Qxf6 16. Qxf6 gxf6 17. Bxb7 Rb8 18. Rxd6 Rxb7 19. b3 Rc8 20. Rad1 Rbc7 21. Kg2 Rc2 22. R1d2 Rc1 23. e3 Ra1 24. Rd8+ 1-0

[Event "Live Chess"]
[Site "Chess.com"]
[Date "2023.05.21"]
[Round "-"]
[White "Pandreq"]
[Black "anatoliy10912"]
[Result "0-1"]
[WhiteElo "1253"]
[BlackElo "1556"]
[TimeControl "300"]
[EndTime "2:12:26 PDT"]
[Termination "anatoliy10912 won on time"]

1. d4 d5 2. c4 e6 3. Nc3 Nf6 4. e3 Bb4 5. Bd2 Nc6 6. a3 Bxc3 7. Bxc3 a6 8. b4 Bd7 9. c5 O-O 10. Bd3 Na7 11. Bc2 Bb5 12. a4 Bc4 13. Bb3 b5 14. axb5 Bxb5 15. Nf3 Ne4 16. Bb2 Nc6 17. Ba3 Qb8 18. Ng1 a5 19. bxa5 Nxa5 20. Qc2 Nc4 21. Bxc4 Bxc4 22. Ne2 Rxa3 23. Rxa3 Qb4+ 24. Rc3 Bxe2 25.
Kxe2 Qxc3 26. Qxc3 Nxc3+ 27. Kd3 Nb5 28. Rb1 c6 29. f4 Ra8 30. Rb3 Ra2 31. e4 Rxg2 32. exd5 exd5 33. Rxb5 cxb5 34. c6 Ra2 0-1

[Event "Live Chess"]
[Site "Chess.com"]
[Date "2023.05.21"]
[Round "-"]
[White "AbilifyXL"]
[Black "Bot_Boy"]
[Result "1-0"]
[WhiteElo "1939"]
[BlackElo "334"]
[TimeControl "300"]
[EndTime "2:12:55 PDT"]
[Termination "AbilifyXL won on time"]

1. d4 Nc6 2. c4 d5 3. Nc3 Be6 4. cxd5 Bxd5 5. e4 Be6 6. d5 Ne5 7. dxe6 Qxd1+ 8. Nxd1 fxe6 9. f4 Nc6 10. Nf3 Nf6 11.
e5 Nd5 12. Bc4 Rd8 13. O-O Rg8 14. g3 Na5 15. Be2 Nb6 16. Ne3 c6 17. Ng5 h6 18.
Nxe6 Rd7 19. Rd1 g5 20. Rxd7 Kxd7 21. Nxf8+ Rxf8 22. f5 1-0

[Event "Live Chess"]
[Site "Chess.com"]
[Date "2023.05.21"]
[Round "-"]
[White "chessfiction"]
[Black "LiamBellwood"]
[Result "1-0"]
[WhiteElo "2332"]
[BlackElo "1978"]
[TimeControl "300"]
[EndTime "2:13:21 PDT"]
[Termination "chessfiction won by resignation"]

1. e4 e6 2. d4 d5 3. Nc3 Nf6 4. e5 Ng8 5. Nce2 c5 6. c3 Nc6 7. f4 Nh6 8. Nf3 Nf5 9. h4 h5 10. g3 Qb6 11. Bh3 g6 12. Bxf5 exf5 13. O-O Be6 14. Be3 c4 15. b3 Na5 16. bxc4 Nxc4 17. Bf2 Be7 18. Rb1 Qc7 19. Ng5 O-O 20. Qd3 Bd7 21. Rb3 Ba4 22. Rbb1 a6 23. Qf3 Nd2 24. Qxd5 Bc6 25. Ne6 Qc8 26. Qa5 Nf3+ 27. Kg2 Qxe6 28.
c4 Be4 29. d5 Qd7 30. Kh3 Bd8 31. Qb4 Rb8 32. Ba7 Rc8 33. Nc3 Nd2 34. Nxe4 Nxe4 35.
Bd4 b5 36. Rbd1 Rxc4 37. Qb2 Qc8 38. Rc1 Ba5 39. d6 Bc3 40. d7 Qc7 41. Bxc3 Rxc3 42.
Rxc3 Qxc3 43. Qxc3 Nxc3 44. Rc1 Rd8 45. Rxc3 Rxd7 46.
Rc8+ Kg7 47. Rc6 Ra7 48. e6 fxe6 49. Rxe6 Kf7 50. Rb6 a5 51. Rxb5 a4 52. a3 1-0

[Event "Live Chess"]
[Site "Chess.com"]
[Date "2023.05.21"]
[Round "-"]
[White "WelshTiger"]
[Black "ms_lilley"]
[Result "1-0"]
[WhiteElo "2350"]
[BlackElo "606"]
[TimeControl "300"]
[EndTime "2:13:38 PDT"]
[Termination "WelshTiger won by checkmate"]

1. e3 e6 2. c4 c6 3. Nc3 a6 4. d4 d5 5. Nf3 h6 6. Bd3 Nf6 7. Qe2 dxc4 8. Bxc4 Bd6 9. O-O O-O 10.
e4 Nh5 11. Ne5 Bxe5 12. dxe5 Qd4 13. Bb3 Qxe5 14. f4 Nxf4 15. Bxf4 Qd4+ 16. Be3 Qe5 17. Qg4 g5 18. Rad1 Nd7 19. Bd4 Qa5 20. e5 Kg7 21. h4 f5 22. exf6+ Nxf6 23. hxg5 hxg5 24. Rde1 e5 25. Qxg5+ Kh8 26. Bxe5 Rg8 27. Bxf6+ Kh7 28. Bc2+ Bf5 29. Qh5# 1-0

[Event "Live Chess"]
[Site "Chess.com"]
[Date "2023.05.21"]
[Round "-"]
[White "elephantgerrald"]
[Black "MarkLim1"]
[Result "0-1"]
[WhiteElo "696"]
[BlackElo "1722"]
[TimeControl "300"]
[EndTime "2:13:42 PDT"]
[Termination "MarkLim1 won by checkmate"]

1. e4 e6 2. Nf3 d5 3. e5 c5 4. d4 Nc6 5. dxc5 Bxc5 6. c4 Nge7 7. cxd5 Nxd5 8. Bc4 O-O 9. Bxd5 exd5 10. Bg5 Qc7 11.
Qxd5 Be6 12. Qxc5 h6 13. Be7 Rfe8 14. Bd6 Qd7 15. O-O b6 16. Qa3 Rac8 17. Nc3 Bg4 18.
Nd2 Nxe5 19. Nde4 Nc4 20. Qb3 Nxd6 21. Nxd6 Qxd6 22. Qd5 Qg6 23. g3 Red8 24. Qe4 Bf5 25. Qe7 Bh3 26. Qxa7 Bxf1 27. Qxb6 Qxb6 28. Nd5 Rxd5 29.
Kxf1 Qxb2 30. Re1 Rc1 31. Rxc1 Qxc1+ 32. Kg2 g5 33. h4 g4 34. h5 Rd1 35. f3 Qd2# 0-1

[Event "Live Chess"]
[Site "Chess.com"]
[Date "2023.05.21"]
[Round "-"]
[White "ProfPoisson"]
[Black "Denz14"]
[Result "1-0"]
[WhiteElo "1228"]
[BlackElo "1044"]
[TimeControl "300"]
[EndTime "2:13:51 PDT"]
[Termination "ProfPoisson won by resignation"]

1. e4 d5 2. exd5 Qxd5 3. Nc3 Qd8 4. d4 Nf6 5. Nf3 Bg4 6. Be2 Bxf3 7. Bxf3 c5 8. Bxb7 cxd4 9. Bxa8 dxc3 10. Qxd8+ Kxd8 11. bxc3 e5 12. O-O 1-0